 Dungeon Crawl Stone Soup version 0.26.0-10-g1f06aea511 (webtiles) character file.

Game seed: 2497244181282373904

25 sanka the Magician (level 3, -6/24 HPs)
             Began as a Barachi Hedge Wizard on Jan 22, 2021.
             Killed by nerve-wracking pain
             ... invoked by an orc priest
              (12 damage)
             ... on level 3 of the Dungeon.
             The game lasted 00:02:00 (1295 turns).

sanka the Magician (Barachi Hedge Wizard)           Turns: 1295, Time: 00:02:00

Health: -6/24      AC:  2    Str: 11    XL:     3   Next: 4%
Magic:  8/8        EV: 12    Int: 15    God:
Gold:   27         SH:  0    Dex: 11    Spells: 7/10 levels left

rFire    . . .     SeeInvis .   g - +0 short sword
rCold    . . .     Faith    .   (no shield)
rNeg     . . .     Spirit   .   b - +0 robe
rPois    .         Reflect  .   c - +0 hat
rElec    .         Harm     .   (no cloak)
rCorr    .         Rampage  .   (no gloves)
Will     .....                  (no boots)
Stlth    ++........             (no amulet)
HPRegen  0.08/turn              (no ring)
MPRegen  0.11/turn              (no ring)

@: slow
A: +LOS, swims, slowness 1, strong legs 1
a: Hop


You were on level 3 of the Dungeon.
You visited 1 branch of the dungeon, and saw 3 of its levels.

You collected 27 gold pieces.


Innate Abilities, Weirdness & Mutations

You can be seen from farther away. (+LOS)
You can swim through water.
You cover ground slowly.
You can hop short distances.


   Skills:
 - Level 2.1 Dodging
 - Level 1.7 Stealth
 - Level 4.0 Spellcasting
 - Level 2.0 Conjurations
 + Level 1.5 Summonings
 - Level 1.1 Translocations


You had 7 spell levels left.
You knew the following spells:

 Your Spells              Type           Power        Failure   Level
x - Call Imp              Summ           7%           14%         2
z - Magic Dart            Conj           36%          8%          1

Your spell library contained the following spells:

 Spells                   Type           Power        Failure   Level
 Blink                    Tloc           N/A          17%         2
 Slow                     Hex            3%           26%         2
 Conjure Flame            Conj/Fire      6%           34%         3
 Mephitic Cloud           Conj/Pois/Air  4%           38%         3

Inventory:

Hand Weapons
 a - a +0 dagger
 g - a +0 short sword (weapon)
Armour
 b - a +0 robe (worn)
 c - a +0 hat (worn)
Scrolls
 d - a scroll of amnesia {unknown}
 e - a scroll of fear {unknown}
 f - a scroll of remove curse {unknown}
 l - a scroll of identify {unknown}
 m - a scroll of blinking {unknown}
Potions
 h - a potion of cancellation {unknown}
 i - a potion of might {unknown}
 j - a potion of curing {unknown}
 k - a potion of lignification {unknown}

Dungeon Overview and Level Annotations

Branches:
Dungeon (2/15)

Altars:

▒.▒ ▒.▒ ▒.▒
▒▒▒▒▒▒▒.▒
▒.......▒
▒.▒▒▒▒▒▒▒
▒....▒
▒▒▒▒.▒ ▒F▒
▒.▒ ▒.▒
▒▒▒▒o▒
▒▒▒▒▒▒▒....▒
▒..o..▒o▒▒▒▒
▒.▒▒.▒▒.▒
▒.▒▒..o.▒
▒.▒▒▒▒▒▒▒


You could see an orc priest.


Message History

The jackal bites you.
You hit the jackal.
You kill the jackal!
No target in view!
No target in view!
You start resting.
You hear the rusting of a very distant drain.
You start resting.
HP restored.
You hear the rusting of a very distant drain.
Magic restored.
Things that are here:
a jackal corpse; a jackal corpse
Found a stone staircase leading down.
An orc and an orc priest come into view.
The orc priest shouts!
The orc shouts!
The orc priest mumbles some strange prayers to Beogh against you.
Beogh smites you!
The orc priest calls down the wrath of Beogh upon you.
Beogh smites you!
* * * LOW HITPOINT WARNING * * *
The orc moves out of view.
An orc comes into view. It is wielding a +0 dagger.
The orc moves out of view.
You hear the brisk rusting of a very distant drain.
The orc priest calls down the wrath of Beogh upon you.
Pain shoots through your body!
Ouch! That really hurt!
You die...

Action                   || total
-------------------------++-------
Melee: Short sword       ||    21
 Cast: Magic Dart        ||    45
Armor: Robe              ||     7
Dodge: Dodged            ||    32

Levels and vault maps discovered:
D:1:      psy_arrival_radial02, layout_basic
D:2:      minmay_spotlight, layout_basic, elyvilon_altar_1
D:3:      layout_basic, grunt_temple_overflow_growth_and_decay,
          old_standard_altar, portal_sewer_entry_e

Notes
Turn   | Place    | Note
-------+----------+-------------------------------------------
     0 | D:1      | sanka the Barachi Hedge Wizard began the quest for the Orb.
     0 | D:1      | Reached XP level 1. HP: 13/13 MP: 4/4
   291 | D:1      | Reached XP level 2. HP: 19/19 MP: 3/6
   392 | D:1      | Learned a level 2 spell: Call Imp
   430 | D:1      | Reached skill level 2 in Conjurations
  1070 | D:3      | Reached skill level 4 in Spellcasting
  1188 | D:3      | Reached XP level 3. HP: 20/24 MP: 3/8
  1295 | D:3      | Killed from afar by an orc priest

Vanquished Creatures
  A ball python (D:1)
  4 hobgoblins (D:1)
  6 jackals
  7 kobolds
  A bat (D:1)
  2 frilled lizards (D:1)
  A goblin (D:1)
22 creatures vanquished.

Vanquished Creatures (others)
  A plant (D:3)
  A withered plant (D:3)
2 creatures vanquished.

Grand Total: 24 creatures vanquished

Table legend: (Time is in decaauts)
 A = Elapsed time spent in this place.
 B = Non-inter-level travel time spent in this place.
 C = Inter-level travel time spent in this place.
 D = Time resting spent in this place.
 E = Time spent auto-exploring this place.
 F = Levels seen in this place.
 G = Mean time per level.
                   A        B        C        D        E       F      G
               +--------+--------+--------+--------+--------+-----+--------+
         Total |   1419 |   1399 |     20 |    575 |    671 |   3 |  473.0 |
       Dungeon |   1419 |   1399 |     20 |    575 |    671 |   3 |  473.0 |
               +--------+--------+--------+--------+--------+-----+--------+

Top non-repeatable levels by time:
     D:1: 1166 daAuts
     D:3: 252 daAuts
     D:2: 0 daAuts
